 Dungeon Crawl Stone Soup version 0.20.1-1-g8b1a95d (webtiles) character file.

58 raph the Grave Robber (level 3, 0/28 HPs)
             Began as a Deep Dwarf Necromancer on Nov 3, 2017.
             Slain by an orc priest
             ... wielding a +0 mace
              (2 damage)
             ... on level 3 of the Dungeon.
             The game lasted 00:05:38 (1601 turns).

raph the Grave Robber (Deep Dwarf Necromancer)      Turns: 1601, Time: 00:05:39

Health: 0/28       AC:  5    Str: 11    XL:     3   Next: 75%
Magic:  0/6        EV: 12    Int: 16    God:
Gold:   146        SH:  3    Dex: 13    Spells: 1/6 levels left

rFire    . . .     SeeInvis .   x - +0 rapier (speed)
rCold    . . .     Gourm    .   (no shield)
rNeg     . . .     Faith    .   i - +0 leather armour
rPois    .         Spirit   .   y - +0 helmet
rElec    .         Reflect  +   (no cloak)
rCorr    .         Harm     .   (no gloves)
MR       .....                  j - +0 pair of boots
Stlth    ++........             p - +3 amulet of reflection
Regen    0.0/turn               (no ring)
MPRegen  0.1/turn               (no ring)

@: non-regenerating
A: damage resistance, heal wounds, sense surroundings 1, no regeneration
a: Heal Wounds


You were on level 3 of the Dungeon.
You were not hungry.

You visited 1 branch of the dungeon, and saw 3 of its levels.

You collected 146 gold pieces.

Inventory:

Hand Weapons
 f - a +0 short sword
 x - a +0 rapier of speed (weapon)
Armour
 i - a +0 leather armour (worn)
 j - a +0 pair of boots (worn)
 y - a +0 helmet (worn)
Jewellery
 p - a +3 amulet of reflection (around neck)
Scrolls
 h - 4 scrolls of identify
 o - a scroll of teleportation
 q - a scroll of remove curse {unknown}
 r - a scroll of fog {unknown}
 s - a scroll of fear {unknown}
 t - 3 scrolls of amnesia {unknown}
 v - 3 scrolls of enchant armour {unknown}
 w - 2 scrolls of enchant weapon {unknown}
Potions
 a - a potion of curing
 d - 2 potions of resistance
 e - a potion of flight
 m - a potion of brilliance {unknown}
 n - a potion of haste {unknown}
Books
 b - a book of Necromancy

   Spells                             Type                      Level
   a - Pain                           Necromancy                   1
   b - Animate Skeleton               Necromancy                   1
   c - Vampiric Draining              Necromancy                   3
   d - Regeneration                   Charms/Necromancy            3
   e - Animate Dead                   Necromancy                   4
   f - Control Undead                 Necromancy                   4
Comestibles
 c - 2 bread rations
 k - 3 fruits
 l - 4 chunks of flesh
 u - a meat ration


   Skills:
 + Level 3.0 Dodging
 + Level 3.0 Stealth
 + Level 2.1 Spellcasting
 * Level 5.1 Necromancy


You had one spell level left.
You knew the following spells:

 Your Spells              Type           Power        Failure   Level  Hunger
a - Pain                  Necr           ###.         3%          1    #......
b - Animate Skeleton      Necr           N/A          3%          1    #......
c - Vampiric Draining     Necr           ###.......   10%         3    ###....


Dungeon Overview and Level Annotations

Branches:
Dungeon (3/15)

Altars:

Annotations:
D:3 Sigmund


Innate Abilities, Weirdness & Mutations

You are resistant to damage.
You can heal yourself by infusing magical energy.
You passively map a small area around you.
You do not regenerate.


Message History

The orc hits you but does no damage.
You closely miss the orc priest.
The orc priest is heavily wounded.
Sigmund barely misses you. The orc priest misses you.
You hit the orc priest but do no damage.
The orc priest is heavily wounded.
The orc closely misses you.
Sigmund gestures wildly while chanting.
Sigmund flickers and vanishes!
An orc wizard comes into view. It is wielding a dagger.
You barely miss the orc priest.
The orc priest is heavily wounded.
The orc priest invokes the aid of Beogh against you.
Beogh smites you!
* * * LOW HITPOINT WARNING * * *
The orc hits you but does no damage.
The orc wizard shouts!
You fail to use your ability.
Something hits you but does no damage. The orc priest hits you with a mace.
You die...

* * ** * , , *, * ,* ,
* . , * # *
..##.######### * *
..'.ooo@o{...# *
,..##.#######.# * , '
#.# #.# # #. ##o# #.# *
.#.##.%##### #o# ,.=
......) ..# #@#
.,#.#.####.##.###.# #.#
..#.#...........#.###.#
#'#.............@o....#


You could see an orc priest, 2 orc wizards and an orc.

Vanquished Creatures
  An adder (D:2)
  2 dart slugs (D:2)
  An orc (D:3)
  A giant cockroach (D:1)
  7 goblins
  8 hobgoblins
  2 quokkas (D:2)
  3 bats
  5 frilled lizards
  5 kobolds
  5 rats
40 creatures vanquished.

Vanquished Creatures (collateral kills)
  2 goblins (D:2)
  2 hobgoblins (D:2)
4 creatures vanquished.

Grand Total: 44 creatures vanquished

Notes
Turn   | Place    | Note
-------+----------+-------------------------------------------
     0 | D:1      | raph the Deep Dwarf Necromancer began the quest for the Orb.
     0 | D:1      | Reached XP level 1. HP: 15/15 MP: 3/3
    55 | D:1      | Learned a level 1 spell: Animate Skeleton
   335 | D:1      | Reached XP level 2. HP: 20/22 MP: 0/4
   770 | D:2      | Reached XP level 3. HP: 22/28 MP: 3/6
   778 | D:2      | Learned a level 3 spell: Vampiric Draining
   867 | D:2      | Reached skill level 5 in Necromancy
  1525 | D:3      | Noticed Sigmund
  1601 | D:3      | Slain by an orc priest

Skill      XL: |  1  2  3 |
---------------+----------+-----
Spellcasting   | 2 |  2.1
Necromancy     | 5 |  5.1
Stealth        | 3 |  3.0
Dodging        | 3 |  3.0

Action                   || total
-------------------------++-------
Melee: Short sword       ||    34
       Unarmed           ||     2
       Rapier            ||    32
 Cast: Pain              ||    37
       Animate Skeleton  ||    22
       Vampiric Draining ||     7
 Abil: Heal Wounds       ||     1
  Use: Scroll            ||     5
 Stab: Sleeping          ||     1
  Eat: Chunk             ||     4
Armor: Robe              ||     2
       Leather armour    ||    31
Dodge: Dodged            ||    44
Block: Other             ||     7
